 Dungeon Sprint DCSS version 0.30.1-4-g462c640d31 (webtiles) character file.

Game seed: 13385735461927273194

25 Heoruswealwe the Shield-Bearer (level 3, -22/30 (31) HPs)
             Began as a Formicid Fighter on Aug 22, 2023.
             Annihilated by an ogre
             ... wielding a +0 giant club
              (26 damage)
             ... in the Dungeon (Sprint I: "Red Sonja").
             The game lasted 00:01:26 (108 turns).

Heoruswealwe the Shield-Bearer (Formicid Fighter)    Turns: 108, Time: 00:01:27

HP:   -22/30 (31)   AC:  7    Str: 22    XL:     3   Next: 17%
MP:   3/3           EV:  9    Int:  7    God:
Gold: 54            SH:  5    Dex: 13    Spells: 2/2 levels left

rFire   . . .        a - +0 trident
rCold   . . .        c - +0 buckler
rNeg    . . .        b - +0 scale mail
rPois   .            (helmet unavailable)
rElec   .            (no cloak)
rCorr   .            (no gloves)
SInv    +            (no boots)
Will    .....        (no amulet) Stlth
                     (no ring)
HPRegen 0.25/turn    (no ring)
MPRegen 0.08/turn

%: no passive effects
@: lightly drained
A: permanent stasis, dig shafts and tunnels, antennae 3, four strong arms
a: Dig


You were in the Dungeon.
You visited 1 branch You collected 54 gold pieces.

Inventory:

Hand Weapons
 a - a +0 trident (weapon)
Armour
 b - a +0 scale mail (worn)
 c - a +0 buckler (worn)
Wands
 i - a wand of flame (10)
Potions
 d - a potion of might
 e - a potion of curing


   Skills:
 + Level 4.5 Fighting
 + Level 3.4 Polearms
 + Level 4.5 Armour
 + Level 5.4 Shields


You had 2 spell levels left.
You didn't know any spells.
Your spell library was empty.

Dungeon Overview and Level Annotations

Branches:
Dungeon (1/1)

Altars:


Innate Abilities, Weirdness & Mutations

You cannot be hasted, slowed, berserked, paralysed or teleported.
You can dig through walls and to a lower floor.
You have a pair of large antennae on your head. (SInv)
Your four strong arms can wield two-handed weapons with a shield.


Message History

You retract your mandibles.
You now have 27 gold pieces.
You now have 54 gold pieces (gained 27).
There is a fountain of clear blue water here.
There is an open door, spattered with blood here.
Things that are here:
a +0 club; a +0 leather armour; the goblin corpse of Ijyb You drop 2 potions of magic.
Okay, then.
You drop a scroll of blinking.
You open the door.
An ogre comes into view. It is wielding a +0 giant club.
The ogre shouts!
Reach: a) +0 trident
Press: ? - help, Dir - move target, f - ogre
Aim: an ogre, wielding a +0 giant club (about 26% to evade your +0 trident)
You reach to attack!
You hit the ogre.
The ogre is lightly wounded.
You hit the ogre but do no damage.
The ogre is lightly wounded.
You block the ogre's attack.
You barely miss the ogre.
The ogre is lightly wounded.
The ogre hits you with a +0 giant club.
You hit the ogre.
The ogre is moderately wounded.
You barely miss the ogre.
The ogre is moderately wounded.
The ogre hits you with a +0 giant club!!
Ouch! That really hurt!
* * * LOW HITPOINT WARNING * * *
You feel much better.
The ogre hits you with a +0 giant club!!
Ouch! That really hurt!
* * * LOW HITPOINT WARNING * * *
You barely miss the ogre.
The ogre is moderately wounded.
The ogre hits you with a +0 giant club!!
Ouch! That really hurt!
You die...

##########
#<.#?@O..#
{
#..)..#..+
#..#### +#
#..# #..#
#..# #⌠⌠#
{ ##.#
#..#


You could see an ogre.

Vanquished Creatures
  Ijyb (D)
1 creature vanquished.

Notes
Turn   | Place    | Note
-------+----------+-------------------------------------------
     0 | D        | Heoruswealwe the Formicid Fighter began the quest for the
                  | Orb.
     0 | D        | Reached XP level 1. HP: 18/18 MP: 1/1
     1 | D        | Noticed Ijyb
    10 | D        | Killed Ijyb
    11 | D        | Reached skill level 5 in Shields
    11 | D        | Reached XP level 2. HP: 11/26 MP: 2/2
    11 | D        | Reached XP level 3. HP: 13/31 MP: 3/3
   101 | D        | Noticed an ogre
   108 | D        | Annihilated by an ogre

Illustrated notes

Levels and vault maps discovered:
D:        dungeon_sprint_1 [red_sonja_temple_1, red_sonja_temple_small_1]

Skill      XL: |  1 |
---------------+----+-----
Fighting       | 4 |  4.5
Polearms       | 3 |  3.4
Armour         | 4 |  4.5
Shields        | 5 |  5.4

Action                     || total
---------------------------++-------
  Melee: Trident           ||    15
Ability: Dig               ||     1
    Use: Potion            ||     1
 Armour: Scale mail        ||     1
  Dodge: Dodged            ||     3
  Block: Buckler           ||     1
